 Dungeon Crawl Stone Soup version 0.27-a0-237-g52650a7530 (webtiles) character file.

Game seed: 5284806217293224710

777 Baz the Sneak (level 7, -7/49 HPs)
             Began as an Octopode Delver on Feb 2, 2021.
             Was a Priest of Nemelex Xobeh.
             Mangled by an ogre
             ... wielding a +0 giant club
              (30 damage)
             ... on level 5 of the Dungeon.
             The game lasted 00:11:18 (7093 turns).

Baz the Sneak (Octopode Delver)                     Turns: 7093, Time: 00:11:19

Health: -7/49      AC:  1    Str: 13    XL:     7   Next: 84%
Magic:  9/9        EV: 15    Int: 12    God:    Nemelex Xobeh [***...]
Gold:   143        SH:  0    Dex: 14    Spells: 6/6 levels left

rFire    + . .     SeeInvis +     - Unarmed
rCold    . . .     Faith    .   (no shield)
rNeg     . . .     Spirit   .   (helmet restricted)
rPois    .         Reflect  .   (no amulet)
rElec    .         Harm     .   k - ring of protection from fire
rCorr    .         Rampage  .   l - ring of see invisible
Will     .....                  (no ring)
Stlth    ++++......             (no ring)
HPRegen  0.16/turn              (no ring)
MPRegen  0.11/turn              (no ring)
                                (no ring)
                                (no ring)

@: no status effects
A: almost no armour, stealthy swim, amphibious, 8 rings, constrict 8, camouflage
1, gelatinous body 1
a: Renounce Religion, Draw Escape, Draw Destruction, Draw Summoning, Triple Draw


You were on level 5 of the Dungeon.
You worshipped Nemelex Xobeh.
Nemelex Xobeh was most pleased with you.
You visited 1 branch of the dungeon, and saw 5 of its levels.

You collected 275 gold pieces.
You spent 132 gold pieces at shops.

Inventory:

Missiles
 q - 16 javelins (quivered)
Jewellery
 k - a ring of protection from fire (left tentacle)
 l - a ring of see invisible (right tentacle)
 x - an uncursed amulet of faith {unknown}
Wands
 e - a wand of digging (3)
 t - a wand of flame (20)
 w - a wand of charming (6)
Scrolls
 a - 2 scrolls of fog
 b - a scroll of magic mapping
 c - a scroll of fear
 d - a scroll of random uselessness {unknown}
 g - 10 scrolls of identify {unknown}
 h - a scroll of enchant weapon {unknown}
 i - a scroll of teleportation {unknown}
 m - a scroll of enchant armour {unknown}
 n - 3 scrolls of remove curse {unknown}
 r - a scroll of blinking {unknown}
 s - a scroll of immolation {unknown}
Potions
 f - a potion of might
 j - 3 potions of attraction {unknown}
 o - 2 potions of mutation {unknown}
 p - a potion of brilliance {unknown}
 u - a potion of berserk rage {unknown}
 v - a potion of ambrosia {unknown}


   Skills:
 + Level 4.7 Fighting
 + Level 4.2 Dodging
 - Level 6.6 Stealth
 * Level 5.4 Unarmed Combat
 + Level 3.4 Invocations
 - Level 2.0 Evocations


You had 6 spell levels left.
You didn't know any spells.
Your spell library was empty.

Dungeon Overview and Level Annotations

Branches:
Dungeon (5/15)
 Temple: D:4-7

Altars:
Elyvilon
Fedhas
Makhleb
Nemelex Xobeh
Qazlal
Wu Jian
Xom
The Shining One

Shops:
D:4 }

Annotations:
D:3 exclusion: door
D:4 2 transporters, KristoblXynda's ghost, novice DrFi


Innate Abilities, Weirdness & Mutations

You cannot wear most types of armour.
You are very stealthy in the water. (Stealth+)
You are amphibious.
You can wear up to eight rings at the same time.
You can use your tentacles to constrict eight enemies at once.
Your skin changes colour to match your surroundings (Stealth+).
Your rubbery body absorbs attacks. (AC +1, EV +1)


Message History

You now have 143 gold pieces (gained 12).
You see here a runed long sword.
There is a shaft here.
There is an open door here.
There is an open door here.
Found 14 stones.
You see here 14 stones.
An ogre comes into view. It is wielding a +0 giant club.
An ogre is nearby!
The ogre shouts!
The ogre hits you with a +0 giant club!!
Ouch! That really hurt!
You tentacle-slap the ogre. You squeeze the ogre!
The ogre is heavily wounded.
You tentacle-slap the ogre but do no damage.
The ogre is heavily wounded.
The ogre hits you with a +0 giant club!!
Ouch! That really hurt!
You die...
Your body glows slightly and disappears.

##.#.######.##.#
#..#.# #.##.##
#.##.# #.#...##
#.##.#
#..###.#########
#.##.# #..#
#....(....# #
#.##.#
##.###.#######.####
#.##.# ##...##
#..... #<##.#
#.....# ######
#.##.# #@###.#####
# #.##.# #O#
#.....# #.##.#
#.###.###.# #.##.#
#.....# #.# #.##.#
####### #.# #....#
#.# ######
#.########
#.........
##########


You could see an ogre.

Vanquished Creatures
  An ice beast (D:5)
  A centaur (D:5)
  A bullfrog (D:5)
  A howler monkey (D:5)
  A jelly (D:5)
  A centaur skeleton (D:5)
  An orc priest (D:4)
  A hound (D:5)
  4 orc wizards
  A worker ant (D:4)
  A hound skeleton (D:4)
  A howler monkey zombie (D:5)
  A worker ant zombie (D:5)
  4 gnolls
  6 adders
  A shadow imp (D:5)
  2 white imps
  2 worms (D:4)
  2 dart slugs
  3 leopard geckos
  7 orcs
  3 ball pythons
  9 bats
  3 giant cockroaches
  12 goblins
  14 hobgoblins
  9 kobolds
  4 quokkas
  8 frilled lizards
  A quokka skeleton (D:5)
  6 rats
112 creatures vanquished.

Vanquished Creatures (others)
  3 plants (D:1)
3 creatures vanquished.

Grand Total: 115 creatures vanquished

Notes
Turn   | Place    | Note
-------+----------+-------------------------------------------
     0 | D:5      | Baz the Octopode Delver began the quest for the Orb.
     0 | D:5      | Reached XP level 1. HP: 16/16 MP: 1/1
    11 | D:5      | Noticed a hound
   114 | D:3      | Reached skill level 1 in Evocations
   114 | D:3      | Reached XP level 2. HP: 11/21 MP: 2/2
   136 | D:3      | Found a sparkling altar of Nemelex Xobeh.
   154 | D:3      | Became a worshipper of Nemelex Xobeh the Trickster
   307 | D:3      | Found a white marble altar of Elyvilon.
   389 | D:3      | Found a burning altar of Makhleb.
   700 | D:2      | Reached XP level 3. HP: 18/26 MP: 3/3
   960 | D:2      | Found a shimmering altar of Xom.
   960 | D:2      | Found a shimmering altar of Xom.
   960 | D:2      | Found a shimmering altar of Xom.
   961 | D:2      | Found a shimmering altar of Xom.
   961 | D:2      | Found a shimmering altar of Xom.
   962 | D:2      | Found a shimmering altar of Xom.
   964 | D:2      | Found a shimmering altar of Xom.
  1412 | D:1      | Reached * piety under Nemelex Xobeh
  1463 | D:1      | Reached XP level 4. HP: 21/31 MP: 4/4
  1580 | D:1      | Received a gift from Nemelex Xobeh
  1803 | D:1      | Noticed a swamp drake
  1803 | D:1      | Noticed a redback
  1803 | D:1      | Noticed a salamander
  1804 | D:1      | Noticed a black bear
  2602 | D:1      | Reached skill level 1 in Invocations
  3380 | D:3      | Reached XP level 5. HP: 29/36 MP: 5/5
  3568 | D:3      | Found a glowing golden altar of the Shining One.
  3683 | D:3      | Reached ** piety under Nemelex Xobeh
  3750 | D:3      | Found a stormy altar of Qazlal.
  3765 | D:3      | Found a blossoming altar of Fedhas.
  3767 | D:3      | Found an ornate altar of the Wu Jian Council.
  4002 | D:3      | Noticed a cacodemon
  4005 | D:3      | Noticed a smoke demon
  4005 | D:3      | Noticed a ynoxinul
  4394 | D:4      | Found a transporter.
  4395 | D:4      | Found a transporter.
  4395 | D:4      | Noticed KristoblXynda's ghost (novice DrFi)
  4395 | D:4      | Identified the cursed +3 dire flail "Kates" {vamp, +Rage
                  | rC+ Int+2 SInv}
  4395 | D:4      | Noticed an ogre
  4396 | D:4      | Noticed an ogre
  4397 | D:4      | Noticed an ogre
  4807 | D:4      | Received a gift from Nemelex Xobeh
  5092 | D:3      | Reached XP level 6. HP: 34/43 MP: 7/7
  5746 | D:4      | Found Fidaodgh's Gadget Emporium.
  5752 | D:4      | Bought a wand of flame (20) for 132 gold pieces
  5930 | D:5      | Reached XP level 7. HP: 43/48 MP: 7/9
  6443 | D:5      | Reached skill level 5 in Unarmed Combat
  6902 | D:5      | Reached *** piety under Nemelex Xobeh
  7093 | D:5      | Mangled by an ogre

Illustrated notes

Levels and vault maps discovered:
D:1:      onia_arrival_zoo_common, layout_basic, serial_forest,
          infiniplex_forest_lined_4_way, infiniplex_forest_clump_diagonal,
          infiniplex_forest_straight_3, infiniplex_forest_end_1,
          infiniplex_forest_zigzag_1, infiniplex_forest_end_2,
          infiniplex_forest_end_2, infiniplex_forest_end_3,
          infiniplex_forest_straight_3
D:2:      layout_loops_ring, xom_redecorated, st_stairs_6, minmay_hexomino_c4
D:3:      minmay_octagon_keep, layout_basic, makhleb_altar_promises_db,
          lemuel_crystal_altar, elyvilon_altar_4, minitemple,
          nicolae_tso_carved_into_rock
D:4:      layout_loops_ring, gammafunk_ghost_smash, serial_shops, shop
D:5:      minmay_chambers_of_fours, layout_loops_ring, uniq_edmund

Skill      XL: |  1  2  3  4  5  6  7 |
---------------+----------------------+-----
Evocations     | 1 2 |  2.0
Invocations    | 1 2 3 |  3.4
Unarmed Combat | 3 4 5 |  5.4
Dodging        | 3 4 |  4.2
Fighting       | 4 |  4.7
Stealth        | |  6.6

Action                   |  1- 3 |  4- 6 |  7- 9 || total
-------------------------+-------+-------+-------++-------
Melee: Unarmed           |    79 |   171 |    48 ||   298
       Constrict         |    26 |    46 |     9 ||    81
       Tentacles         |    19 |    43 |    14 ||    76
       Punch             |       |     1 |     1 ||     2
Invok: Draw Destruction  |       |     1 |     1 ||     2
  Use: Potion            |     1 |       |       ||     1
 Stab: Sleeping          |     2 |    24 |     2 ||    28
       Distracted        |       |     1 |     1 ||     2
Armor: Skin              |     2 |     8 |     1 ||    11
Dodge: Dodged            |    48 |    77 |    24 ||   149

Table legend: (Time is in decaauts)
 A = Elapsed time spent in this place.
 B = Non-inter-level travel time spent in this place.
 C = Inter-level travel time spent in this place.
 D = Time resting spent in this place.
 E = Time spent auto-exploring this place.
 F = Levels seen in this place.
 G = Mean time per level.
                   A        B        C        D        E       F      G
               +--------+--------+--------+--------+--------+-----+--------+
         Total |   7061 |   6789 |    272 |   1455 |   3968 |   5 | 1412.2 |
       Dungeon |   7061 |   6789 |    272 |   1455 |   3968 |   5 | 1412.2 |
               +--------+--------+--------+--------+--------+-----+--------+

Top non-repeatable levels by time:
     D:3: 1518 daAuts
     D:1: 1492 daAuts
     D:2: 1464 daAuts
     D:5: 1382 daAuts
     D:4: 1203 daAuts
